Match 44591407
Unlisted

Match 44591407
End
Selects Special Operations Battlegroup
Selects M29 Weasel Recon Vehicle
M29 Weasel Recon Vehicle
Construct Barracks
Riflemen Squad
Riflemen Squad
Riflemen Squad
Mechanized Support Center
Grenade Package
Selects Raiding Flares
Raiding Flares
Construct Weapon Support Center
M3 Armored Personnel Carrier
Improved M9 Bazooka Rockets
Raiding Flares
Serial Chiller
Leonardo
Vanne
刹那芳华
unS|A|Wed
Smart Ass
prex644
mqfdqrut
0
0

Comments sign in to comment!

No comments posted yet!